 Dungeon Crawl Stone Soup version 0.25.1-2-g60ff931df9 (webtiles) character file.

Game seed: 1733620092362447637

148572 gruber the Impregnable (level 16, 0/146 HPs)
             Began as a Minotaur Fighter on Dec 3, 2020.
             Was the Champion of Okawaru.
             Killed from afar by a shock serpent (10 damage)
             ... with a bolt of electricity
             ... on level 1 of the Snake Pit.
             The game lasted 00:40:32 (28356 turns).

gruber the Impregnable (Minotaur Fighter)          Turns: 28356, Time: 00:40:33

Health: 0/146      AC: 45    Str: 28    XL:     16   Next: 94%
Magic:  17/19      EV: 12    Int:  5    God:    Okawaru [******]
Gold:   1301       SH: 19    Dex: 12    Spells: 15/15 levels left

rFire    + + .     SeeInvis +   Y - +1 scimitar (vamp)
rCold    + + .     Gourm    .   y - +2 shield of Resistance {rF+ rC+ MR+}
rNeg     . . .     Faith    .   C - +7 crystal plate armour
rPois    +         Spirit   .   i - +1 hat {SInv}
rElec    .         Reflect  .   M - scarf {rC+ rF+}
rCorr    .         Harm     .   L - +0 pair of gloves
MR       +++..                  T - +2 pair of boots
Stlth    ..........             r - amulet of the acrobat
HPRegen  0.34/turn              A - ring of protection from magic
MPRegen  0.16/turn              s - ring of poison resistance

@: heroism
A: retaliatory headbutt, horns 2, screaming 1, strong 1
a: Heroism, Finesse, Renounce Religion


You were on level 1 of the Snake Pit.
You worshipped Okawaru.
Okawaru was exalted by your worship.
You were hungry.

You visited 5 branches of the dungeon, and saw 26 of its levels.
You also visited: Ossuary.

You collected 2458 gold pieces.
You spent 1157 gold pieces at shops.

Inventory:

Hand Weapons
 S - a +3 scimitar of flaming
 Y - a +1 vampiric scimitar (weapon)
Missiles
 a - 4 silver javelins (quivered)
 k - 16 curare-tipped darts
Armour
 i - a +1 hat of see invisible (worn)
 y - the +2 shield of Resistance (worn) {rF+ rC+ MR+}
   (You found it on level 10 of the Dungeon)

   It protects you from fire.
   It protects you from cold.
   It affects your resistance to hostile enchantments.
 C - a +7 crystal plate armour (worn)
 L - a +0 pair of gloves (worn)
 M - a scarf of resistance (worn)
 T - a +2 pair of boots (worn)
Jewellery
 r - an amulet of the acrobat (around neck)
 s - a ring of poison resistance (right hand)
 A - a ring of protection from magic (left hand)
 D - an uncursed ring of protection from magic
 V - an uncursed ring of resist corrosion
 X - an uncursed ring of protection from cold
Wands
 B - a wand of acid (9)
 E - a wand of paralysis (32)
 G - a wand of flame (30)
 J - a wand of enslavement (7)
 O - a wand of iceblast (28)
 Q - a wand of clouds (2)
 W - a wand of polymorph (33)
Scrolls
 c - a scroll of holy word
 g - 7 scrolls of blinking
 h - 7 scrolls of fog
 m - 4 scrolls of immolation
 t - a scroll of enchant weapon
 u - 13 scrolls of teleportation
 v - 13 scrolls of remove curse
 H - a scroll of silence
 I - 2 scrolls of amnesia
 N - 2 scrolls of identify
 R - 2 scrolls of fear
 U - 2 scrolls of summoning
 Z - 2 scrolls of magic mapping
Potions
 b - 4 potions of heal wounds
 d - 4 potions of might
 e - 4 potions of invisibility
 j - 3 potions of brilliance
 l - 11 potions of curing
 n - 2 potions of ambrosia
 o - 3 potions of resistance
 p - 4 potions of flight
 q - 2 potions of lignification
 w - 3 potions of stabbing
 x - a potion of cancellation
 z - 7 potions of haste
 K - a potion of berserk rage
Comestibles
 f - 33 rations


   Skills:
 - Level 14.3(19.3) Fighting
 - Level 16.0(21.0) Long Blades
 - Level 22.0(27) Armour
 * Level 4.3(9.3) Dodging
 - Level 16.0(21.0) Shields
 - Level 5.5 Invocations


You had 15 spell levels left.
You didn't know any spells.
Your spell library contained the following spells:

 Spells                   Type           Power        Failure   Level  Hunger
 Beastly Appendage        Tmut           #.....       97%         1    ##.....
 Magic Dart               Conj           #...         97%         1    ##.....
 Shock                    Conj/Air       #...         97%         1    ##.....
 Summon Butterflies       Summ           #.......     97%         1    ##.....
 Summon Small Mammal      Summ           #...         97%         1    ##.....
 Blink                    Tloc           N/A          99%         2    ###....
 Call Imp                 Summ           #.......     99%         2    ###....
 Searing Ray              Conj           #.....       99%         2    ###....
 Shroud of Golubria       Chrm/Tloc      #.....       99%         2    ###....
 Sticks to Snakes         Tmut           #.......     99%         2    ###....
 Sublimation of Blood     Necr           #.........   99%         2    ###....
 Swiftness                Chrm/Air       #.......     99%         2    ###....
 Call Canine Familiar     Summ           #.......     100%        3    ####...
 Confusing Touch          Hex            #.......     100%        3    ####...
 Dazzling Flash           Conj/Hex       #.....       100%        3    ####...
 Gell's Gravitas          Tloc           #.........   100%        3    ####...
 Lesser Beckoning         Tloc           #.........   100%        3    ####...
 Spider Form              Tmut/Pois      #.........   100%        3    ####...
 Static Discharge         Conj/Air       #.......     100%        3    ####...
 Summon Guardian Golem    Hex/Summ       #.......     100%        3    ####...
 Teleport Other           Tloc           #.......     100%        3    ####...
 Airstrike                Air            #.........   100%        4    #####..
 Fulminant Prism          Conj/Hex       #.........   100%        4    #####..
 Ice Form                 Ice/Tmut       #.......     100%        4    #####..
 Iskenderun's Mystic Bla  Conj/Tloc      #.......     100%        4    #####..
 Passage of Golubria      Tloc           N/A          100%        4    #####..
 Petrify                  Tmut/Erth      #.......     100%        4    #####..
 Summon Ice Beast         Ice/Summ       #.......     100%        4    #####..
 Summon Lightning Spire   Summ/Air       #.......     100%        4    #####..
 Blade Hands              Tmut           #.........   100%        5    ######.
 Excruciating Wounds      Chrm/Necr      #.........   100%        5    ######.
 Lightning Bolt           Conj/Air       #.........   100%        5    ######.
 Metabolic Englaciation   Hex/Ice        #.........   100%        5    ######.
 Summon Mana Viper        Hex/Summ       #.......     100%        5    ######.
 Yara's Violent Unravell  Hex/Tmut       #.........   100%        5    ######.
 Simulacrum               Ice/Necr       #.........   100%        6    #######
 Summon Hydra             Summ           #.........   100%        7    #######


Dungeon Overview and Level Annotations

Branches:
Dungeon (15/15)            Temple (1/1) D:6            Lair (6/6) D:10
 Shoals (0/4) Lair:2        Snake (2/4) Lair:3        Slime (0/5) Lair:5
    Orc (2/2) D:9             Elf (0/3) Orc:2        Vaults (0/5) D:14
 Depths (0/5) D:15        Ossuary (visited)

Altars:
Ashenzari
Cheibriados
Dithmenos
Elyvilon
Hepliaklqana
Nemelex Xobeh
Okawaru
Ru
Trog
Vehumet
Wu Jian
Xom
Yredelemnul
Zin
Jiyva

Shops:
D:8 *(%[?   D:11 }*   Orc:1 ?   Orc:2 (=*[

Annotations:
D:10 1 runed translucent door
Lair:1 exclusion: oklob plant
Lair:2 exclusion: oklob plant
Orc:1 3 runed translucent doors, spanik's ghost, journeyman OpAs; tatocazan's ghost, journeyman MiFi


Innate Abilities, Weirdness & Mutations

You reflexively headbutt those who attack you in melee.
You have a pair of horns on your head.
You occasionally shout uncontrollably at your foes.
Your muscles are strong. (Str +2)


Message History

* * * LOW HITPOINT WARNING * * *
The shock serpent shocks you!
* * * LOW HITPOINT WARNING * * *
You climb upwards.
There is a stone staircase leading down here.
Unknown command.
You gain the combat prowess of a mighty hero.
You block the shock serpent's attack.
The shock serpent shoots out a bolt of lightning at you!
The bolt of electricity hits you.
* * * LOW HITPOINT WARNING * * *
Unknown command.
Unknown command.
You feel much better. The shock serpent bites you.
* * * LOW HITPOINT WARNING * * *
The shock serpent shocks you!
* * * LOW HITPOINT WARNING * * *
The shock serpent shoots out a bolt of lightning at you!
The bolt of electricity hits you!
You die...

#..## ##............. ##..#
###.............. #..###
###................
##.#.#####......#...........
###...#.##........###.........
##.#####..#........#
##........ ###..#
##.........## #........ #...##
#.........# ##....... ...##
###....S@...# #....... ..##
##....[.S....# #....... .##
###...)()......## ##......
.#####......(#.......# #....##
.(##......(.(####....## #...##
.........#...# ###...## #..##
##.....###...## #....####..#
###...# #....#####.........##
##(.###...................#


You could see 2 shock serpents.

Vanquished Creatures
  Rupert (D:13)
  Gastronok (D:8)
  Agnes (D:15)
  An orc warlord (Orc:2)
  Nessos (D:14)
  Snorg (Lair:3)
  Josephine (D:11)
  An ettin (D:15)
  Erolcha (Orc:1)
  2 fire dragons (D:10)
  The ghost of Junaliek the Protected, a journeyman MiFi of Okawaru (Lair:2)
  8 vault guards (D:14)
  6 naga warriors (Snake:1)
  A merfolk avatar (Lair:6)
  2 ice dragons (D:10)
  3 centaur warriors
  11 two-headed ogres
  3 hydras
  A catoblepas (D:13)
  A death knight (D:14)
  An anaconda (Snake:1)
  Erica (D:11)
  8 death yaks
  A tengu warrior (D:15)
  2 ogre magi (D:15)
  3 orc high priests
  3 naga sharpshooters (Snake:1)
  A deep troll (D:15)
  3 salamander mystics (Snake:1)
  An unseen horror (D:13)
  A deep elf archer (D:15)
  2 phantasmal warriors (D:14)
  8 mana vipers (Snake:1)
  The ghost of gbos the Shield-Bearer, a novice GnFi (D:6)
  Pikel (D:5)
  3 orc knights
  4 orc sorcerers
  A deep elf mage (D:12)
  A shining eye (shapeshifter) (D:15)
  5 cyclopes
  2 salamanders
  3 manticores
  10 black mambas
  4 elephants (Lair:6)
  3 centaur zombies
  A torpor snail (Lair:4)
  2 naga magi (Snake:1)
  10 spiny frogs
  A gargoyle (D:14)
  4 rime drakes
  6 komodo dragons
  2 kobold demonologists
  An efreet (D:15)
  4 polar bears
  10 trolls
  10 blink frogs
  7 hornets
  9 slime creatures
  14 hippogriffs
  5 wraiths
  A water elemental (D:12)
  3 redbacks (D:15)
  A shadow (D:11)
  Eustachio (D:6)
  Grum (Lair:1)
  5 wyverns
  45 yaks
  3 basilisks
  A hungry ghost (D:9)
  8 vampire mosquitoes
  2 soldier ants
  4 wargs
  3 acid dragons
  A harpy simulacrum (D:15)
  11 nagas (Snake:1)
  11 water moccasins
  9 porcupines
  2 ice beasts
  3 sky beasts
  29 orc warriors
  A black bear (Temple)
  4 phantoms
  An eye of draining (D:10)
  2 wolves (Lair:1)
  16 centaurs
  13 ogres
  13 crocodiles
  6 big kobolds
  14 bullfrogs
  A wyvern zombie (D:10)
  A wyvern skeleton (D:8)
  5 scorpions
  19 killer bees
  3 wights (D:15)
  5 electric eels
  9 howler monkeys
  4 crimson imps
  2 quasits
  6 hounds
  8 orc priests
  2 jellies
  4 iguanas
  5 centaur skeletons
  Terence (D:2)
  10 orc wizards
  2 hell rats (Lair:3)
  A killer bee zombie (D:6)
  9 worker ants
  A big kobold zombie (Ossuary)
  A hound zombie (D:7)
  A hound skeleton (D:4)
  8 mummies (Ossuary)
  Robin (D:2)
  11 gnolls
  A howler monkey skeleton (D:7)
  11 adders
  9 river rats (Lair:3)
  6 shadow imps
  4 white imps (D:14)
  2 ufetubi (D:14)
  2 oozes
  An adder skeleton (D:9)
  An adder zombie (D:8)
  A worm (D:5)
  A dart slug (D:1)
  9 leopard geckos
  74 orcs
  4 giant cockroaches
  4 gnoll zombies (Ossuary)
  15 hobgoblins
  6 jackals
  4 quokkas
  A ball python (D:4)
  10 bats
  3 frilled lizards
  14 goblins
  A hobgoblin zombie (Ossuary)
  2 jackal zombies
  39 kobolds
  2 kobold zombies (Ossuary)
  A leopard gecko skeleton (D:4)
  10 rats
779 creatures vanquished.

Vanquished Creatures (others)
  Maurice (D:11)
  A redback zombie (D:15)
  A shadow (D:15)
  2 crimson imps (D:5)
  A quasit (D:5)
  A jelly (D:5)
  A worker ant (D:5)
  An orc (D:12)
  A bush (Lair:6)
  26 fungi
  12 plants
  3 withered plants (Orc:1)
51 creatures vanquished.

Grand Total: 830 creatures vanquished

Notes
Turn   | Place    | Note
-------+----------+-------------------------------------------
     0 | D:1      | gruber the Minotaur Fighter began the quest for the Orb.
     0 | D:1      | Reached XP level 1. HP: 19/19 MP: 0/0
   315 | D:1      | Reached XP level 2. HP: 26/26 MP: 1/1
  1207 | D:2      | Reached XP level 3. HP: 31/31 MP: 2/2
  1428 | D:2      | Found a basalt altar of Yredelemnul.
  1432 | D:2      | Noticed Robin
  1453 | D:3      | Reached skill level 5 in Long Blades
  1807 | D:2      | Reached XP level 4. HP: 32/39 MP: 3/3
  1815 | D:2      | Killed Robin
  2021 | D:2      | Found a shimmering altar of Xom.
  2134 | D:2      | Noticed Terence
  2146 | D:2      | Killed Terence
  2599 | D:3      | Reached XP level 5. HP: 42/45 MP: 4/4
  3065 | D:3      | Found a sparkling altar of Nemelex Xobeh.
  3435 | D:4      | Found a shattered altar of Ashenzari.
  3442 | D:4      | Found a sand-covered staircase.
  3451 | Ossuary  | Entered an ossuary
  3670 | Ossuary  | Reached skill level 1 in Dodging
  3917 | Ossuary  | Reached XP level 6. HP: 38/51 MP: 5/5
  4638 | D:4      | Found a white marble altar of Elyvilon.
  4661 | D:4      | Reached skill level 4 in Armour
  4698 | D:4      | Reached XP level 7. HP: 57/57 MP: 6/6
  4774 | D:4      | Reached skill level 5 in Armour
  4957 | D:4      | Reached skill level 6 in Armour
  4995 | D:5      | Entered Level 5 of the Dungeon
  5058 | D:5      | Found an iron altar of Okawaru.
  5069 | D:5      | Became a worshipper of Warmaster Okawaru
  5181 | D:5      | Noticed Pikel
  5212 | D:5      | Killed Pikel
  5212 | D:5      | Reached * piety under Okawaru
  5212 | D:5      | Reached skill level 9 in Armour
  5212 | D:5      | Reached XP level 8. HP: 40/64 MP: 7/7
  5726 | D:6      | Reached skill level 5 in Shields
  5880 | D:6      | Found a shimmering altar of Xom.
  6855 | D:6      | Noticed gbos's ghost (novice GnFi)
  6858 | D:6      | Found a runed translucent door.
  6893 | D:6      | Reached ** piety under Okawaru
  7087 | D:6      | Found a staircase to the Ecumenical Temple.
  7102 | D:6      | Found a radiant altar of Vehumet.
  7106 | D:6      | Noticed Eustachio
  7125 | Temple   | Entered the Ecumenical Temple
  7284 | D:6      | Killed Eustachio
  7581 | D:7      | Reached XP level 9. HP: 70/70 MP: 8/8
  7945 | D:7      | Reached skill level 10 in Shields
  8094 | D:7      | Reached *** piety under Okawaru
  8817 | D:8      | Found Sullaxt's Weapon Shoppe.
  8891 | D:8      | Found Xykath's Armour Boutique.
  8897 | D:8      | Bought the +5 ring mail of Zonaeps {rPois Regen+} for 562
                  | gold pieces
  9210 | D:8      | Found Zin's Purification Station.
  9213 | D:8      | Found a glowing silver altar of Zin.
  9279 | D:8      | Noticed a two-headed ogre
  9305 | D:8      | Killed a two-headed ogre
  9305 | D:8      | Reached **** piety under Okawaru
  9305 | D:8      | Reached XP level 10. HP: 54/77 MP: 9/9
  9572 | D:8      | Noticed Gastronok
  9648 | D:8      | Killed Gastronok
  9739 | D:8      | Found Eluqu's Magic Scroll Emporium.
  9747 | D:8      | Bought a scroll of identify for 26 gold pieces
  9747 | D:8      | Bought a scroll of identify for 26 gold pieces
  9747 | D:8      | Bought a scroll of identify for 26 gold pieces
  9747 | D:8      | Bought 3 scrolls of identify for 78 gold pieces
  9747 | D:8      | Bought a scroll of enchant weapon for 97 gold pieces
  9826 | D:8      | Found Gonuec's Food Emporium.
 10053 | D:9      | Reached ***** piety under Okawaru
 10097 | D:9      | Found a hazy altar of Hepliaklqana.
 10118 | D:9      | Reached skill level 15 in Shields
 10295 | D:9      | Found a staircase to the Orcish Mines.
 10473 | D:9      | Received a gift from Okawaru
 10601 | D:9      | Reached XP level 11. HP: 63/82 MP: 10/10
 10712 | D:9      | Found a shadowy altar of Dithmenos.
 10741 | D:9      | Found a sacrificial altar of Ru.
 10757 | D:9      | Found a snail-covered altar of Cheibriados.
 10837 | D:9      | Found an ornate altar of the Wu Jian Council.
 10884 | D:9      | Found a bloodstained altar of Trog.
 10933 | D:10     | Entered Level 10 of the Dungeon
 11138 | D:10     | Noticed a two-headed ogre
 11165 | D:10     | HP: 2/82 [acid (9)]
 11185 | D:10     | Killed a two-headed ogre
 11185 | D:10     | Reached skill level 10 in Armour
 11341 | D:10     | Found a runed translucent door.
 11342 | D:10     | Noticed a fire dragon
 11343 | D:10     | Noticed an ice dragon
 11346 | D:10     | Noticed an ice dragon
 11346 | D:10     | Noticed a fire dragon
 11347 | D:10     | Found the +2 shield of Resistance {rF+ rC+ MR+}
 11523 | D:10     | Found a runed translucent door.
 11582 | D:10     | Reached skill level 11 in Armour
 11596 | D:10     | Found a staircase to the Lair.
 11910 | D:11     | Noticed a two-headed ogre
 11921 | D:11     | Killed a two-headed ogre
 11921 | D:11     | Reached skill level 12 in Armour
 12013 | D:11     | Found Rideci's Gadget Shoppe.
 12031 | D:11     | Received a gift from Okawaru
 12094 | D:11     | Found Golevius's Assorted Antiques.
 12172 | D:11     | Noticed Maurice
 12204 | D:11     | Killed Maurice
 12222 | D:11     | Noticed Erica
 12232 | D:11     | Killed Erica
 12232 | D:11     | Reached skill level 13 in Armour
 12639 | D:11     | Noticed Josephine
 12667 | D:11     | Killed Josephine
 12667 | D:11     | Reached skill level 14 in Armour
 12678 | D:11     | Reached XP level 12. HP: 82/90 MP: 5/11
 13051 | Lair:1   | Entered Level 1 of the Lair of Beasts
 13776 | Lair:1   | Noticed Grum
 13782 | Lair:1   | Killed Grum
 13792 | Lair:1   | Reached skill level 10 in Long Blades
 13836 | Lair:1   | Identified Ishrag's Tome of Evil and Lightness
 14051 | Lair:2   | Reached ****** piety under Okawaru
 14311 | Lair:2   | Found a staircase to the Shoals.
 14510 | Lair:2   | Found a runed translucent door.
 14511 | Lair:2   | Noticed Junaliek's ghost (journeyman MiFi)
 15535 | Lair:3   | Noticed Snorg
 15567 | Lair:3   | Killed Snorg
 15567 | Lair:3   | Received a gift from Okawaru
 15798 | Lair:3   | Found a staircase to the Snake Pit.
 17188 | Lair:5   | Found a staircase to the Slime Pits.
 17189 | Lair:5   | Found a viscous altar of Jiyva.
 17356 | Lair:6   | Entered Level 6 of the Lair of Beasts
 17404 | Lair:6   | Reached XP level 13. HP: 89/95 MP: 12/12
 17418 | Lair:6   | Received a gift from Okawaru
 17764 | Lair:6   | Reached skill level 15 in Long Blades
 17957 | Lair:5   | Received a gift from Okawaru
 18248 | Lair:6   | Reached skill level 5 in Fighting
 19209 | Orc:1    | Entered Level 1 of the Orcish Mines
 19268 | Orc:1    | Noticed Erolcha
 19293 | Orc:1    | Killed Erolcha
 19293 | Orc:1    | Received a gift from Okawaru
 19293 | Orc:1    | Reached skill level 10 in Fighting
 19516 | Orc:1    | Found Ydaeschia's Magic Scroll Emporium.
 19522 | Orc:1    | Found a runed translucent gate.
 19523 | Orc:1    | Found a runed translucent gate.
 19524 | Orc:1    | Found a runed translucent gate.
 19526 | Orc:1    | Bought a scroll of blinking for 135 gold pieces
 19526 | Orc:1    | Bought a scroll of identify for 36 gold pieces
 19526 | Orc:1    | Bought a scroll of identify for 36 gold pieces
 19550 | Orc:1    | Noticed spanik's ghost (journeyman OpAs)
 19550 | Orc:1    | Noticed tatocazan's ghost (journeyman MiFi)
 19611 | Orc:1    | Reached XP level 14. HP: 121/121 MP: 13/13
 20287 | D:6      | Killed gbos's ghost
 20502 | Lair:2   | Killed Junaliek's ghost
 20708 | Orc:2    | Entered Level 2 of the Orcish Mines
 20765 | Orc:2    | Found Loxzid's Jewellery Emporium.
 21034 | Orc:2    | Found Kapt's Antique Weapon Shoppe.
 21165 | Orc:2    | Found a staircase to the Elven Halls.
 21357 | Orc:2    | Noticed an orc warlord
 21505 | Orc:2    | Killed an orc warlord
 21505 | Orc:2    | Received a gift from Okawaru
 21648 | Orc:2    | Found Ceghalil's General Store.
 21729 | Orc:2    | Found Nehycac's Antique Armour Shop.
 22416 | D:12     | Identified a scroll of acquirement
 22417 | D:12     | Acquired a manual of Armour
 22707 | D:12     | Reached skill level 15 in Armour
 22740 | D:12     | Reached skill level 5 in Invocations
 22740 | D:12     | Reached XP level 15. HP: 138/138 MP: 13/18
 23264 | D:13     | Reached skill level 16 in Armour
 23543 | D:13     | Noticed Rupert
 23567 | D:13     | Killed Rupert
 23567 | D:13     | Reached skill level 17 in Armour
 24158 | D:14     | Noticed Nessos
 24171 | D:14     | Reached XP level 16. HP: 146/146 MP: 19/19
 24183 | D:14     | Reached skill level 18 in Armour
 24215 | D:14     | Killed Nessos
 24605 | D:14     | Reached skill level 19 in Armour
 24620 | D:14     | Received a gift from Okawaru
 24666 | D:14     | Found a gate to the Vaults.
 25094 | D:15     | Entered Level 15 of the Dungeon
 25155 | D:15     | Reached skill level 20 in Armour
 25245 | D:15     | Noticed Agnes
 25278 | D:15     | Killed Agnes
 25309 | D:15     | Received a gift from Okawaru
 25687 | Orc:1    | Bought a scroll of enchant armour for 135 gold pieces
 25831 | D:15     | Found a staircase to the Depths.
 25839 | D:15     | Gained mutation: Your muscles are strong. (Str +2) [a
                  | shining eye]
 25842 | D:15     | Gained mutation: You occasionally shout uncontrollably at
                  | your foes. [a shining eye]
 26142 | D:15     | Found a shadowy altar of Dithmenos.
 26336 | Snake:1  | Entered Level 1 of the Snake Pit
 26644 | Snake:1  | Reached skill level 21 in Armour
 28096 | Snake:1  | Reached skill level 22 in Armour
 28355 | Snake:1  | HP: 7/146 [shock serpent/bolt of electricity (4)]
 28356 | Snake:1  | Killed from afar by a shock serpent

Illustrated notes

Levels and vault maps discovered:
D:1:      dpeg_arrival_circle_labyrinth_c, layout_basic
D:2:      layout_basic, yredelemnul_altar_generic, brannock_xom_greatest_gift,
          uniq_robin, uniq_terence
D:3:      layout_basic, nemelex_altar_shiori, first_ration
D:4:      layout_basic, lemuel_crystal_altar, old_standard_altar,
          nicolae_ossuary_entry_ruins
D:5:      layout_basic, old_standard_altar, uniq_pikel
D:6:      layout_cave_pods, kennysheep_little_box, temple_green,
          hellmonk_ghost_happy_afterlife, vehumet_altar_wand_db, uniq_eustachio
D:7:      layout_gridville
D:8:      layout_cave_pods, zin_purify, serial_shops,
          nicolae_shop_window_shopping, kennysheep_mini, shop, shop,
          uniq_gastronok
D:9:      layout_cave_pools, riverfiend_overflow_shadow_ancestor,
          nicolae_overflow_quartered_altars, david_orc_2,
          hangedman_pestilent_swarm
D:10:     layout_big_octagon, lair_entry_dummy, minmay_guarded_unrand_resistance
D:11:     layout_roguey, serial_shops, nicolae_shop_behind_doors, shop,
          serial_bayou_lagoon_a, uniq_erica, uniq_josephine, uniq_maurice
D:12:     layout_basic
D:13:     layout_basic, uniq_rupert
D:14:     layout_gridville, erik_vaults_2, grunt_decor_resistance, serial_ice,
          serial_ice_d, serial_ice_h, serial_ice_k, serial_ice_g, serial_ice_e,
          serial_ice_o, uniq_nessos
D:15:     hangedman_depths_entry_civil_slaughter, layout_rooms,
          grunt_dithmenos_shadows, uniq_agnes
Temple:   jpeg_temple_island
Lair:1:   layout_misc_corridors, serial_bayou, serial_bayou_pond_a,
          serial_bayou_pond_a, serial_bayou_lake_a, serial_bayou_pond_a,
          chequers_serial_rivers_room_b, minmay_lair_oklob_items, uniq_grum
Lair:2:   layout_cave_pods, shoals_dummy_entry, ebering_ghost_inner_flame,
          lemuel_fruit_tree, minmay_lair_oklob_chamber, grunt_megastairs_3,
          infiniplex_staircase_pool
Lair:3:   layout_small_grid, dummy_snake_entry, bh_autumn_forest_stairs,
          serial_bayou_pond_e, kennysheep_rathole, grunt_megastairs_2,
          uniq_snorg
Lair:4:   layout_misc_corridors
Lair:5:   layout_regular_city, slime_altar_1, serial_bayou_crossing
Lair:6:   gammafunk_lair_ancient_temple, layout_gridlike
Snake:1:  layout_layer_cave
Snake:2:  layout_onion_interference
Orc:1:    layout_caves, gammafunk_ghost_cemetery, serial_shops,
          nicolae_shop_stone, nicolae_orc_crystal_geode, uniq_erolcha
Orc:2:    grunt_orc_gardens, layout_diamond_mine, grunt_orc_garden,
          grunt_orc_garden, grunt_orc_garden, grunt_orc_garden

Skill      XL: |  1  2  3  4  5  6  7  8  9 10 11 12 13 14 15 16 |
---------------+-------------------------------------------------+-----
Long Blades    | 3 4 5 6 7 13 16 | 16.0
Dodging        | 2 4 |  4.3
Armour         | 4 9 14 15 17 22 | 22.0
Shields        | 8 12 16 | 16.0
Fighting       | 10 14 | 14.3
Invocations    | 5 |  5.5

Action                   |  1- 3 |  4- 6 |  7- 9 | 10-12 | 13-15 | 16-18 || total
-------------------------+-------+-------+-------+-------+-------+-------++-------
Melee: Long sword        |   103 |   185 |   377 |   268 |       |       ||   933
       Headbutt          |    12 |    34 |    97 |   213 |   280 |   202 ||   838
       Falchion          |       |       |       |   163 |       |       ||   163
       Scimitar          |       |       |       |   352 |  1019 |   694 ||  2065
Throw: Javelin           |       |       |       |       |     2 |       ||     2
       Dart              |       |       |       |       |       |     1 ||     1
Invok: Heroism           |       |       |       |    11 |    13 |     5 ||    29
       Finesse           |       |       |       |     1 |     3 |     2 ||     6
  Use: Scroll            |       |     6 |     8 |     6 |    12 |     6 ||    38
       Potion            |       |       |       |     2 |     1 |     2 ||     5
 Stab: Petrified         |       |       |       |       |     1 |       ||     1
  Eat: Chunk             |     3 |     6 |    15 |    29 |    19 |     8 ||    80
       Ration            |       |     1 |       |       |     1 |     2 ||     4
Armor: Scale mail        |    52 |    47 |   149 |       |       |       ||   248
       Ring mail         |       |       |     4 |   211 |   237 |    97 ||   549
       Crystal plate arm |       |       |       |       |       |    97 ||    97
Dodge: Dodged            |    38 |    58 |   159 |   391 |   396 |   253 ||  1295
Block: Kite shield       |    71 |    85 |   276 |   725 |   816 |   539 ||  2512
       Rpst.: Long sword |    10 |    21 |    45 |    33 |       |       ||   109
       Falchion          |       |       |       |    15 |       |       ||    15
       Scimitar          |       |       |       |    47 |    96 |    49 ||   192
